 Dungeon Crawl Stone Soup version 0.25.1-8-g42b30a86e7 (webtiles) character file.

Game seed: 8001915711269989725

494 hehateme the Skirmisher (level 7, -1/46 HPs)
             Began as a Kobold Fighter on Dec 13, 2020.
             Killed from afar by Pikel (22 damage)
             ... with a bolt of acid
             ... on level 4 of the Dungeon.
             The game lasted 00:08:34 (4654 turns).

hehateme the Skirmisher (Kobold Fighter)            Turns: 4654, Time: 00:08:35

Health: -1/46      AC:  9    Str: 16    XL:     7   Next: 38%
Magic:  7/7        EV:  8    Int:  9    God:
Gold:   131        SH:  9    Dex: 14    Spells: 6/6 levels left

rFire    . . .     SeeInvis .   a - +0 war axe
rCold    . . .     Gourm    .   c - +0 kite shield
rNeg     . . .     Faith    .   b - +0 scale mail
rPois    .         Spirit   .   (no helmet)
rElec    .         Reflect  .   (no cloak)
rCorr    .         Harm     .   k - +0 pair of gloves
MR       .....                  y - +0 pair of boots
Stlth    ..........             (no amulet)
HPRegen  0.15/turn              (no ring)
MPRegen  0.10/turn              (no ring)

@: no status effects
A: small, carnivore
a: no special abilities


You were on level 4 of the Dungeon.
You were very full.

You visited 1 branch of the dungeon, and saw 4 of its levels.
You also visited: Sewer.

You collected 131 gold pieces.

Inventory:

Hand Weapons
 a - a +0 war axe (weapon)
Missiles
 f - 5 curare-tipped darts
 i - 109 stones (quivered)
 o - 6 sling bullets
 q - 23 bolts
 Q - 21 arrows
Armour
 b - a +0 scale mail (worn)
 c - a +0 kite shield (worn)
 k - a +0 pair of gloves (worn)
 y - a +0 pair of boots (worn)
 A - a +1 helmet
Wands
 u - a wand of polymorph (8)
Scrolls
 g - 5 scrolls of identify {unknown}
 h - a scroll of magic mapping {!r}
 j - 5 scrolls of teleportation {unknown}
 p - a scroll of enchant armour {unknown}
 s - a scroll of blinking {unknown}
 t - a scroll of immolation {unknown}
 v - a scroll of fear {unknown}
Potions
 d - a potion of degeneration {unknown}
 l - 2 potions of invisibility {unknown}
 m - 3 potions of heal wounds {unknown}
 n - a potion of mutation {unknown}
 r - a potion of curing
 w - 2 potions of haste {unknown}
 x - a potion of cancellation {unknown}
Comestibles
 e - 3 rations


   Skills:
 * Level 6.0 Fighting
 + Level 3.0 Axes
 + Level 3.6 Armour
 + Level 3.5 Shields


You had 6 spell levels left.
You didn't know any spells.
Your spell library was empty.

Dungeon Overview and Level Annotations

Branches:
Dungeon (4/15)              Sewer (visited)
 Temple: D:4-7

Altars:
Makhleb

Annotations:
D:4 Pikel


Innate Abilities, Weirdness & Mutations

You are small and have problems with some larger weapons.
You are carnivorous and can eat meat at any time.


Message History

You hear an angry hiss.
A slave comes into view.
A leopard gecko comes into view.
Pikel barely misses you.
You closely miss Pikel.
You hear the brisk hiss of an avalanche of sand.
Pikel barely misses you.
Pikel zaps a wand.
The bolt of acid hits you!
You are splashed with acid!
You take 21 damage, and have 25/46 hp.
GAME OVER YEAH!!
You hit Pikel but do no damage. Pikel barely misses you.
You block the slave's attack.
You slash Pikel! You hit the slave.
Pikel hits you with a +0 whip of electrocution.
* * * LOW HITPOINT WARNING * * *
The slave hits you but does no damage.
Pikel zaps a wand.
The bolt of acid hits you!!
You die...

.......###..###............,,,,,,
..#######..## #....#.......,,,,,,
#.###.....## *#..#.#.#.#.##,,****
......#####**#..##.....#..#,>*
......# **,....*#.#...##.#,,**
.....<#***,.##.,##.#......,,,,*
......#*,,,*##,*#....#.##.,*,,*
.....##*,*###.p##..###.#**,,,,**#
.....#**,*#...pK@l.#**,# ***,..##
#.####*,,......##p.$...# **,....
#..# *,*#....,,.p...### *,,....
##.# *,*##..,∩....#..#****,,....
*.# *,**#.,,....##....,,,,,....
*,** *,*#.,,......,.#...,,,,....
*,,***,*.,,.......**##[.,,,,....
*,,,,,,,,*..####..* *##**,,(...
*,,,,,,,,,,,***,,,* *,,....

Skill      XL: |  1  2  3  4  5  6 |
---------------+-------------------+-----
Fighting       | 4 5 6 |  6.0
Axes           | 2 3 |  3.0
Armour         | 3 |  3.6
Shields        | 3 |  3.5

Notes
Turn   | Place    | Note
-------+----------+-------------------------------------------
     0 | D:1      | hehateme the Kobold Fighter began the quest for the Orb.
     0 | D:1      | Reached XP level 1. HP: 14/14 MP: 1/1
    58 | D:1      | Reached XP level 2. HP: 8/19 MP: 2/2
   687 | D:1      | Reached XP level 3. HP: 19/24 MP: 3/3
  1126 | D:2      | Found a burning altar of Makhleb.
  1146 | D:2      | Reached skill level 4 in Fighting
  1146 | D:2      | Reached skill level 2 in Axes
  1146 | D:2      | Reached XP level 4. HP: 19/29 MP: 4/4
  2674 | D:3      | Reached XP level 5. HP: 11/34 MP: 5/5
  2916 | D:3      | Found a glowing drain.
  2939 | D:3      | Reached skill level 3 in Armour
  2939 | D:3      | Reached skill level 3 in Shields
  2973 | Sewer    | Entered a sewer
  3159 | Sewer    | Noticed Purgy
  3174 | Sewer    | Killed Purgy
  3174 | Sewer    | Reached skill level 5 in Fighting
  3174 | Sewer    | Reached XP level 6. HP: 32/40 MP: 6/6
  3629 | D:3      | Noticed Ijyb
  3636 | D:3      | Killed Ijyb
  4055 | D:3      | Noticed Robin
  4071 | D:3      | Killed Robin
  4281 | D:4      | Noticed Sigmund
  4346 | D:4      | Noticed an ogre
  4460 | D:4      | Killed Sigmund
  4460 | D:4      | Reached skill level 6 in Fighting
  4460 | D:4      | Reached skill level 3 in Axes
  4460 | D:4      | Reached XP level 7. HP: 31/46 MP: 7/7
  4648 | D:4      | Noticed Pikel
  4654 | D:4      | Killed from afar by Pikel

Table legend:
 A = Turns spent in this place as a percentage of turns spent in the entire game.
 B = Non-inter-level travel turns spent in this place as a percentage of non-inter-level travel turns spent in the entire game.
 C = Inter-level travel turns spent in this place as a percentage of turns spent in this place.
 D = Turns resting spent in this place as a percentage of non-inter-level travel turns spent in this place.
 E = Turns spent auto-exploring this place as a percentage of non-inter-level travel turns spent in this place.
 F = Non-inter-level travel turns spent in this place divided by the number of levels of this place that you've seen.
                   A       B       C       D       E      F
               +-------+-------+-------+-------+-------+----------------------
         Total | 100.0 | 100.0 |   4.8 |  12.6 |  71.4 | 886.0
       Dungeon |  91.6 |  91.1 |   5.3 |  13.9 |  70.3 | 1009.2
         Sewer |   8.4 |   8.9 |   0.0 |   0.0 |  81.9 | 393.0
               +-------+-------+-------+-------+-------+----------------------

Table legend:
 A = Kills in this place as a percentage of kills in entire the game.
 B = Kills by you in this place as a percentage of kills by you in the entire game.
 C = Kills by friends in this place as a percentage of kills by friends in the entire game.
 D = Other kills in this place as a percentage of other kills in the entire game.
 E = Experience gained in this place as a percentage of experience gained in the entire game.
 F = Experience gained in this place divided by the number of levels of this place that you have seen.
                   A       B       C       D       E      F
               +-------+-------+-------+-------+-------+----------------------
         Total | 100.0 | 100.0 |   N/A |   N/A | 100.0 | 141.2
       Dungeon |  91.0 |  91.0 |   N/A |   N/A |  79.9 | 141.0
         Sewer |   9.0 |   9.0 |   N/A |   N/A |  20.1 | 142.0
               +-------+-------+-------+-------+-------+----------------------

Action                   |  1- 3 |  4- 6 |  7- 9 || total
-------------------------+-------+-------+-------++-------
Melee: War axe           |    76 |   178 |     6 ||   260
Throw: Stone             |    28 |    75 |       ||   103
       Dart              |       |     4 |       ||     4
  Use: Potion            |       |     2 |       ||     2
       Scroll            |       |     1 |       ||     1
  Eat: Chunk             |     9 |    11 |       ||    20
Armor: Scale mail        |    27 |    70 |     4 ||   101
Dodge: Dodged            |    27 |    54 |     3 ||    84
Block: Kite shield       |    48 |    96 |     2 ||   146

Vanquished Creatures
  Sigmund (D:4)
  Purgy (Sewer)
  A hound (D:2)
  Ijyb (D:3)
  Robin (D:3)
  3 gnolls (D:2)
  5 adders
  2 river rats (D:3)
  3 worms
  A dart slug (D:2)
  A leopard gecko (D:1)
  2 orcs (D:3)
  2 ball pythons
  3 giant cockroaches
  17 goblins
  8 hobgoblins
  7 kobolds
  A quokka (D:2)
  5 bats
  9 frilled lizards
  4 rats
78 creatures vanquished. You could see Pikel, 4 slaves and a leopard gecko.

Levels and vault maps discovered:
D:1:      dpeg_arrival_rooms_b, layout_loops_ring
D:2:      layout_basic, makhleb_heckhound_becter
D:3:      layout_basic, cheibrodos_sewer_entry_sluice, uniq_robin, uniq_ijyb
D:4:      layout_rooms, nicolae_ossuary_entry_ruins, first_ration, uniq_sigmund,
          uniq_pikel
